 Dungeon Crawl Stone Soup version 0.30-a0-219-gf2db51d15e (webtiles) character file.

Game seed: 14158299778880063940

419428 ytrimaz the Eclecticist (level 23, -1/264 HPs)
             Began as an Octopode Transmuter on Oct 5, 2022.
             Was a High Priest of Ashenzari.
             Slain by a titan (18 damage)
             ... on level 5 of the Vaults on Oct 6, 2022.
             The game lasted 01:13:26 (45410 turns).

ytrimaz the Eclecticist (Octopode Transmuter)      Turns: 45410, Time: 01:13:27

Health: -1/264     AC: 26    Str: 10    XL:     23   Next: 33%
Magic:  0/65       EV: 35    Int: 44    God:    Ashenzari [*****.]
Gold:   6499       SH:  0    Dex: 10    Spells: 28/62 levels left

rFire   . . .      SeeInvis +      - Unarmed
rCold   + . .      Faith    .    (shield currently unavailable)
rNeg    . . .      Spirit   +    (helmet currently unavailable)
rPois   ∞          Reflect  .    a - amulet of the Shattered Sage {Spirit, Elem, Alch} (curse)
rElec   +          Harm     .    Z - ring of the Gnostic God {Wiz Slay+3, Cun, Comp} (curse)
rCorr   .          Rampage  .    n - ring of Supernal Understanding {Int+6, Melee, Elem} (curse)
Will    +....      Archmagi +    r - ring of the Shattered Oracle {MP+9, Melee, Evo} (curse)
Stlth   .......... Clarity  +    y - ring of Supernal Gnosis {MP+9, Comp, Bglg} (curse)
HPRegen 0.64/turn                T - ring of Ashenzari's Vision {rC+, Cun, Elem} (curse)
MPRegen 0.39/turn                R - ring "Lashed Together" {Int+6, Melee, Cun} (curse)
                                 M - ring of the Tethered Repose {Int+6, Melee, Cun} (curse)
                                 h - ring of the Mage {Wiz Archmagi, Alch, Self} (curse)

@: berserking (expiring), storm-form, marked, wereblooded, flying, studying 2
skills, very quick
A: cleaving, insubstantial, flying, almost no armour, amphibious, 8 rings,
(camouflage 1), (gelatinous body 1), (nimble swimmer 1), (tentacles), clumsy 1,
wild magic 1
}: 3/15 runes: serpentine, barnacled, slimy
a: Blinkbolt, End Transformation, Renounce Religion, Curse Item, Shatter the
Chains


You were on level 5 of the Vaults.
You worshipped Ashenzari.
Ashenzari was extremely pleased with you.
You were a lightning-filled tempest!
You visited 8 branches of the dungeon, and saw 41 of its levels.
You also visited: Gauntlet and Wizlab.

You collected 8355 gold pieces.
You spent 1856 gold pieces at shops.


Innate Abilities, Weirdness & Mutations

You are a lightning-filled tempest!
Your electrical attacks strike out in all directions at once.
You are incredibly evasive.
Your insubstantial body is immune to petrification, constriction, and being set on fire You are flying.
You are immune to poison.
Your armour is entirely melded.
You are incapable of wielding weapons or throwing items.
You cannot wear most types of armour.
You are amphibious.
You can wear up to eight rings at the same time.
((Your skin changes colour to match your surroundings (Stealth+).))
((Your rubbery body absorbs attacks. (AC +1, EV +1)))
((You are camouflaged when in or above water. (Stealth+)))
((You have tentacles for arms and can constrict up to eight enemies at once.))
You are clumsy. (Dex -2)
Your spells are a little harder to cast, but a little more powerful.


   Skills:
 - Level 17.8(20.0) Fighting
 - Level 15.6(21.0) Dodging
 - Level 17.4(22.7) Stealth
 - Level 15.6(21.0) Unarmed Combat
 + Level 18.1(20.2) Spellcasting
 - Level 5.8(9.3) Necromancy
 - Level 13.8(17.2) Transmutations
 - Level 4.0(8.0) Ice Magic
 - Level 15.6(20.0) Air Magic
 - Level 4.0(7.1) Poison Magic


You had 28 spell levels left.
You knew the following spells:

 Your Spells              Type           Power      Damage    Failure   Level
a - Dragon Form           Tmut           77%        N/A       1%          7
b - Wereblood             Tmut           100%       N/A       1%          2
c - Irradiate             Conj/Tmut      63%        3d32      1%          5
d - Statue Form           Tmut/Erth      84%        N/A       1%          6
e - Storm Form            Tmut/Air       79%        N/A       1%          7
f - Yara's Violent Unrav  Hex/Tmut       63%        3d24      1%          5
g - Passwall              Tmut/Erth      100%       N/A       1%          2

Your spell library contained the following spells:

 Spells                   Type           Power      Damage    Failure   Level
 Apportation              Tloc           100%       N/A       1%          1
 Beastly Appendage        Tmut           100%       N/A       1%          1
 Foxfire                  Conj/Fire      100%       2x1d9     1%          1
 Necrotise                Necr           100%       1d9       1%          1
 Sandblast                Erth           100%       2d20      1%          1
 Shock                    Conj/Air       100%       1d9       1%          1
 Slow                     Hex            100%       N/A       1%          1
 Summon Small Mammal      Summ           100%       N/A       1%          1
 Blink                    Tloc           100%       N/A       1%          2
 Cigotuvi's Dreadful Rot  Necr/Pois/Air  100%       N/A       1%          2
 Momentum Strike          Conj/Tloc      100%       3d10      1%          2
 Scorch                   Fire           100%       2d10      1%          2
 Call Canine Familiar     Summ           76%        N/A       1%          3
 Confusing Touch          Hex            75%        N/A       1%          3
 Dazzling Flash           Conj/Hex       100%       N/A       1%          3
 Frozen Ramparts          Ice            100%       1d16      1%          3
 Gell's Gravitas          Tloc           75%        N/A       1%          3
 Hailstorm                Conj/Ice       100%       3d20      1%          3
 Inner Flame              Hex/Fire       76%        N/A       1%          3
 Lesser Beckoning         Tloc           100%       N/A       1%          3
 Portal Projectile        Hex/Tloc       100%       N/A       1%          3
 Spider Form              Tmut/Pois      100%       N/A       1%          3
 Stone Arrow              Conj/Erth      100%       3d13      1%          3
 Summon Guardian Golem    Hex/Summ       76%        N/A       1%          3
 Swiftness                Air            100%       N/A       1%          3
 Teleport Other           Tloc           75%        N/A       1%          3
 Tukima's Dance           Hex            75%        N/A       1%          3
 Vampiric Draining        Necr           100%       2d13      1%          3
 Airstrike                Air            81%        2d(12-28) 1%          4
 Dispel Undead            Necr           100%       3d31      1%          4
 Flame Wave               Conj/Fire      76%        2d17      1%          4
 Ice Form                 Ice/Tmut       100%       N/A       1%          4
 Leda's Liquefaction      Hex/Erth       38%        N/A       1%          4
 Manifold Assault         Tloc           75%        N/A       1%          4
 Passage of Golubria      Tloc           75%        N/A       1%          4
 Petrify                  Tmut/Erth      100%       N/A       1%          4
 Sticky Flame             Conj/Fire      76%        2d9       1%          4
 Summon Ice Beast         Ice/Summ       100%       N/A       1%          4
 Summon Lightning Spire   Summ/Air       100%       N/A       1%          4
 Agony                    Necr           100%       N/A       1%          5
 Blade Hands              Tmut           77%        N/A       1%          5
 Metabolic Englaciation   Hex/Ice        51%        N/A       1%          5
 Silence                  Hex/Air        65%        N/A       1%          5
 Death Channel            Necr           64%        N/A       1%          6
 Simulacrum               Ice/Necr       62%        N/A       1%          6
 Maxwell's Capacitive Co  Air            81%        ∞         1%          8
 Fireball                 Conj/Fire      38%        3d16      4%          5
 Lee's Rapid Deconstruct  Erth           39%        3d20*     4%          5
 Dispersal                Tloc           37%        N/A       21%         6
 Iron Shot                Conj/Erth      38%        9d8       21%         6
 Starburst                Conj/Fire      38%        6d11      21%         6
 Summon Cactus Giant      Summ           38%        N/A       21%         6
 Enfeeble                 Hex            37%        N/A       67%         7
 Orb of Destruction       Conj           37%        9d11      67%         7
 Spellforged Servitor     Conj/Summ      38%        N/A       67%         7
 Chain Lightning          Conj/Air       65%        3d87      88%         9
 Animate Armour           Summ/Erth      Unusable   N/A       N/A         4

Inventory:

Missiles
 l - 5 throwing nets
Armour
 x - the cursed +2 hat of the Bear Spirit (melded) {Spirit, *Rage Will++, Elem, Alch}
   (You acquired it on level 8 of the Dungeon)

   Going berserk makes the wearer tougher, and they're slowed less afterward.
   *Rage:     It berserks you when you make melee attacks (+20% chance).
   Will:      It greatly increases your willpower.
   It has a curse which improves the following skills: Elements: Fire Magic, Ice
   Magic, Air Magic and Earth Magic.
   Alchemy:   Poison Magic and Transmutations.
Jewellery
 a - the cursed amulet of the Shattered Sage (around neck) {Spirit, Elem, Alch}
   (You took it off a goblin on level 4 of the Dungeon)

   [amulet of guardian spirit]

   It causes incoming damage to be divided between your reserves of health and
   magic.
   It has a curse which improves the following skills: Elements: Fire Magic, Ice
   Magic, Air Magic and Earth Magic.
   Alchemy:   Poison Magic and Transmutations.
 d - the ring "Aleusm" {EV+4 Int+3}
   (You found it in a wizard's laboratory)

   [ring of evasion]

   EV:        It affects your evasion (+4).
   Int:       It affects your intelligence (+3).
 h - the cursed ring of the Mage (on tentacle) {Wiz Archmagi, Alch, Self}
   (You found it on level 5 of the Pits of Slime)

   [ring of wizardry]

   It improves your spell success rate.
   Archmagi:  It increases the power of your magical spells.
   It has a curse which improves the following skills: Alchemy: Poison Magic and
   Transmutations.
   Introspection: Fighting and Spellcasting.
 n - the cursed ring of Supernal Understanding (right tentacle) {Int+6, Melee, Elem}
   (You found it on level 6 of the Dungeon)

   [ring of intelligence]

   Int:       It affects your intelligence (+6).
   It has a curse which improves the following skills: Melee Combat: Short
   Blades, Long Blades, Axes, Maces & Flails, Polearms, Staves and Unarmed
   Combat.
   Elements:  Fire Magic, Ice Magic, Air Magic and Earth Magic.
 r - the cursed ring of the Shattered Oracle (on tentacle) {MP+9, Melee, Evo}
   (You found it on level 7 of the Dungeon)

   [ring of magical power]

   MP:        It affects your magic capacity (+9).
   It has a curse which improves the following skills: Melee Combat: Short
   Blades, Long Blades, Axes, Maces & Flails, Polearms, Staves and Unarmed
   Combat.
   Evocations: Evocations.
 y - the cursed ring of Supernal Gnosis (on tentacle) {MP+9, Comp, Bglg}
   (You took it off a minotaur in a Gauntlet)

   [ring of magical power]

   MP:        It affects your magic capacity (+9).
   It has a curse which improves the following skills: Companions: Summonings
   and Necromancy.
   Beguiling: Conjurations, Hexes and Translocations.
 B - a ring of wizardry
   (You bought it in a shop on level 10 of the Dungeon)
 E - a +4 ring of protection
   (You found it on level 11 of the Dungeon)
 F - an amulet of magic regeneration
   (You found it on level 1 of the Lair of Beasts)
 M - the cursed ring of the Tethered Repose (on tentacle) {Int+6, Melee, Cun}
   (You found it on level 14 of the Dungeon)

   [ring of intelligence]

   Int:       It affects your intelligence (+6).
   It has a curse which improves the following skills: Melee Combat: Short
   Blades, Long Blades, Axes, Maces & Flails, Polearms, Staves and Unarmed
   Combat.
   Cunning:   Dodging and Stealth.
 P - a ring of protection from fire
   (You found it on level 4 of the Lair of Beasts)
 Q - a ring of protection from fire
   (You found it on level 4 of the Lair of Beasts)
 R - the cursed ring "Lashed Together" (on tentacle) {Int+6, Melee, Cun}
   (You found it on level 4 of the Lair of Beasts)

   [ring of intelligence]

   Int:       It affects your intelligence (+6).
   It has a curse which improves the following skills: Melee Combat: Short
   Blades, Long Blades, Axes, Maces & Flails, Polearms, Staves and Unarmed
   Combat.
   Cunning:   Dodging and Stealth.
 T - the cursed ring of Ashenzari's Vision (on tentacle) {rC+, Cun, Elem}
   (You found it on level 1 of the Snake Pit)

   [ring of protection from cold]

   rC:        It protects you from cold.
   It has a curse which improves the following skills: Cunning: Dodging and
   Stealth.
   Elements:  Fire Magic, Ice Magic, Air Magic and Earth Magic.
 W - a ring of protection from fire
   (You found it on level 3 of the Snake Pit)
 Z - the cursed ring of the Gnostic God (left tentacle) {Wiz Slay+3, Cun, Comp}
   (You bought it in a shop on level 2 of the Shoals)

   [ring of wizardry]

   It improves your spell success rate.
   Slay:      It affects your accuracy & damage with ranged weapons and melee
   (+3).
   It has a curse which improves the following skills: Cunning: Dodging and
   Stealth.
   Companions: Summonings and Necromancy.
Wands
 o - a wand of mindburst (21)
   (You found it on level 6 of the Dungeon)
 u - a wand of iceblast (12)
   (You found it on level 10 of the Dungeon)
 v - a wand of flame (52)
   (You found it on level 8 of the Dungeon)
 G - a wand of paralysis (11)
   (You found it on level 1 of the Lair of Beasts)
 H - a wand of polymorph (16) (quivered)
   (You found it on level 1 of the Lair of Beasts)
 I - a wand of quicksilver (19)
   (You found it on level 1 of the Lair of Beasts)
 L - a wand of digging (7)
   (You found it on level 13 of the Dungeon)
Scrolls
 k - 22 scrolls of teleportation
 p - 6 scrolls of enchant weapon
 t - 3 scrolls of silence
 w - 7 scrolls of magic mapping
 A - 8 scrolls of fear
 J - 8 scrolls of enchant armour
 S - a scroll of acquirement
 U - 2 scrolls of brand weapon
 V - 2 scrolls of amnesia
 X - 2 scrolls of butterflies
Potions
 b - 16 potions of curing
 c - 9 potions of attraction
 f - 4 potions of magic
 g - 9 potions of brilliance
 i - 6 potions of haste
 j - 7 potions of mutation
 m - 5 potions of lignification
 q - 2 potions of resistance
 z - 6 potions of ambrosia
 C - 4 potions of flight
 D - 3 potions of cancellation
 K - 4 potions of might
 N - 4 potions of berserk rage
 Y - 3 potions of invisibility

Dungeon Overview and Level Annotations

Branches:
Dungeon (15/15) Zot: 25292  Temple (1/1) D:6 Zot: 5952    Lair (5/5) D:8 Zot: 24191
 Shoals (4/4) Lair:3 Zot: 18023   Snake (4/4) Lair:2 Zot: 17703   Slime (5/5) Lair:4 Zot: 25001
    Orc (2/2) D:9 Zot: 10257     Elf (0/3) Orc:2        Vaults (5/5) D:14 Zot: 24363
  Crypt (0/3) Vaults:2     Depths (0/4) D:15         WizLab (visited)
Gauntlet (visited)

Altars:
Ashenzari
Cheibriados
Dithmenos
Elyvilon
Fedhas
Gozag
Hepliaklqana
Kikubaaqudgha
Makhleb
Nemelex Xobeh
Okawaru
Qazlal
Ru
Sif Muna
Trog
Uskayaw
Vehumet
Wu Jian
Xom
Yredelemnul
Zin
The Shining One
Jiyva

Shops:
D:3 *   D:10 **   D:12 [   D:15 =   Orc:2 ((!(   Shoals:2 !=:!   Snake:2 (

Portals:
Trove: Vaults:4 (give 6 scrolls of blinking)

Annotations:
D:2 1 runed translucent door, Crazy Yiuf
D:3 3 runed translucent doors, Darkkill's ghost, amateur HuHu
D:4 exclusion: oklob plant
Lair:2 3 runed translucent doors, purpskrrrp's ghost, journeyman TrFi
Lair:3 3 runed translucent doors, ryw's ghost, journeyman TrBe

#########** *
** #........,
, , #C.......
, ,,
#v...####****
* #........
#..#....#,*,
#..# ...#* *,
, , #..# .#.*
,,,,, #..#,,
.. * , #..#
,, .,, #..#,
, * #..# *, ,
,*


You could see a titan.


Message History

The freezing wraith completely misses you.
The freezing wraith closely misses you.
The vault sentinel blows a loud note on a signal horn! 😱 HP[-17] MP[-5]
You take 17 damage, and now have 27/176 hp.
You lost 5 mp, and now have 0/65 mp.
A red film seems to cover your vision as you go berserk!
You feel yourself moving faster!
You feel mighty!
The ghost moth changes into a hydra!
The tengu reaver completely misses you. x2
The tengu reaver claws you but does no damage.
The deep elf annihilator barely misses you.
The freezing wraith misses you.
The freezing wraith completely misses you.
The titan misses you. 😱 HP[+14] MP[+1]
You now have 264 max hp (+88).
You regained 14 hp, and now have 41/264 hp.
Unknown command.
Unknown command.
You batter the titan!! You punch the titan!!
You buffet the deep elf annihilator!
Lightning courses through the deep elf annihilator!
You blast the tengu reaver!!!
You feel a bit better.
You kill the tengu reaver!
You blast the freezing wraith!!!
You feel a bit better.
You destroy the freezing wraith! 😱 HP[+3]
You regained 3 hp, and now have 44/264 hp.
Unknown command.
You blast the deep elf annihilator!!!!
You feel a bit better.
You kill the deep elf annihilator!
You blast the titan!!!!
You feel a bit better.
You kill the titan!
The seven-headed hydra changes into an ettin!
A vault warden comes into view. It is wielding a +3 vampiric glaive.
The titan waves its arms in wide circles.
The air twists around and strikes you.
* * * LOW HITPOINT WARNING * * *
The vault sentinel blows a loud note on a signal horn!
The shadow dragon breathes negative energy at you.
The bolt of negative energy misses you.
The yaktaur captain shoots a bolt.
The bolt hits you!
* * * LOW HITPOINT WARNING * * *
Your base Spellcasting skill increases to level 18! 😱 HP[-15] MP[-1]
You take 15 damage, and now have 29/264 hp.
You lost 1 mp, and now have 0/65 mp.
You barely miss the vault warden. You punch the vault warden.
You blast the tengu reaver!!! 😱 HP[+1] Unknown command.
Unknown command.
You completely miss the vault warden. You punch the vault warden!
You closely miss the tengu reaver. The tengu reaver closely misses you.
The tengu reaver completely misses you. x2
The vault guard completely misses you.
Unknown command.
You blast the tengu reaver!!!!
You feel a bit better.
You kill the tengu reaver!
You blast the vault warden!!!
You blast the shadow dragon!!!
The vault sentinel shoots a bolt.
The bolt completely misses you. 😱 HP[+2]
You regained 2 hp, and now have 32/264 hp.
Unknown command.
You blast the shadow dragon!!!!
Lightning courses through the shadow dragon!
You feel a bit better.
You kill the shadow dragon!
The +0 shadow dragon scales are intact enough to wear.
You blast the yaktaur captain!!!
Lightning courses through the yaktaur captain!
You blast the vault warden!!!
Lightning courses through the vault warden!
You feel a bit better.
You kill the vault warden!
The runic seals fade away. 😱 HP[+6]
You regained 6 hp, and now have 38/264 hp.
Unknown command.
Unknown command.
You batter the yaktaur captain!!
You feel a bit better.
You kill the yaktaur captain!
The titan waves its arms in wide circles.
The air twists around and strikes you!
* * * LOW HITPOINT WARNING * * *
The vault guard hits you from afar with a +0 bardiche!
* * * LOW HITPOINT WARNING * * *
The vault sentinel blows a loud note on a signal horn! 😱 HP[-22] MP[+1]
You take 22 damage, and now have 16/264 hp.
Unknown command.
You batter the stone giant!!
Your surroundings suddenly seem different.
A titan comes into view.
The titan shouts!
You buffet the titan!
You punch the titan!
You blast the titan!!!
You hear two shouts!
The titan hits you!!
You die...

Skill      XL: |  1  2  3  4  5  6  7  8  9 10 11 12 13 14 15 16 17 18 19 20 21 22 23 |
---------------+----------------------------------------------------------------------+-----
Poison Magic   | 1 3 4 |  4.0
Ice Magic      | 3 4 |  4.0
Transmutations | 3 5 7 9 10 11 13 | 13.8
Spellcasting   | 3 4 6 8 10 13 15 17 18 | 18.1
Unarmed Combat | 6 9 12 15 | 15.6
Fighting       | 8 11 13 16 17 | 17.8
Dodging        | 8 11 13 15 | 15.6
Stealth        | 12 17 | 17.4
Necromancy     | 5 |  5.8
Air Magic      | 3 9 12 15 | 15.6

Action                   |  1- 3 |  4- 6 |  7- 9 | 10-12 | 13-15 | 16-18 | 19-21 | 22-24 || total
-------------------------+-------+-------+-------+-------+-------+-------+-------+-------++-------
Melee: Unarmed           |    90 |   115 |   266 |   422 |   589 |   737 |   680 |   240 ||  3139
       Tentacles         |    19 |     7 |     1 |     1 |    48 |   191 |    83 |    14 ||   364
       Constrict         |    18 |    11 |     2 |     1 |    10 |   118 |    83 |     6 ||   249
       Punch             |     1 |     2 |       |    15 |    62 |   137 |   148 |    44 ||   409
       Kick              |    11 |     9 |       |       |       |       |       |       ||    20
       Tailslap          |       |       |       |    24 |    65 |       |       |       ||    89
       Bite              |       |       |       |    26 |    45 |       |       |       ||    71
 Cast: Beastly Appendage |    17 |     3 |       |       |       |       |       |       ||    20
       Spider Form       |       |    10 |    15 |     1 |       |       |       |       ||    26
       Wereblood         |       |     1 |     4 |    15 |    21 |     9 |    15 |     7 ||    72
       Ice Form          |       |       |    16 |    21 |       |       |       |       ||    37
       Dragon Form       |       |       |       |    22 |    39 |       |     3 |       ||    64
       Statue Form       |       |       |       |       |    18 |    88 |    34 |    10 ||   150
       Irradiate         |       |       |       |       |       |     9 |    18 |     2 ||    29
       Yara's Violent Un |       |       |       |       |       |     8 |    11 |       ||    19
       Storm Form        |       |       |       |       |       |     3 |    46 |    20 ||    69
Invok: Curse Item        |       |     1 |     1 |     3 |     3 |     2 |     2 |       ||    12
       Shatter the Chain |       |       |       |       |       |     1 |     1 |       ||     2
 Abil: Breathe Fire      |       |       |       |     3 |       |       |       |       ||     3
       Blinkbolt         |       |       |       |       |       |       |     2 |     1 ||     3
Evoke: Wand              |       |       |       |     1 |       |       |       |       ||     1
  Use: Potion            |     1 |     2 |       |     2 |     1 |     2 |    16 |     1 ||    25
       Scroll            |     7 |     7 |     4 |     3 |     6 |       |    11 |     2 ||    40
 Stab: Sleeping          |     5 |     2 |     1 |       |     1 |     8 |     8 |     7 ||    32
       Invisible         |       |       |       |     1 |       |       |       |       ||     1
       Petrified         |       |       |       |       |       |     7 |       |       ||     7
       Distracted        |       |       |       |       |       |     1 |     1 |       ||     2
       Confused          |       |       |       |       |       |       |     1 |       ||     1
Armor: Skin              |    13 |     5 |    38 |   160 |   324 |   528 |   353 |    94 ||  1515
Dodge: Dodged            |    46 |    86 |   233 |   316 |   535 |  1269 |  1004 |   339 ||  3828

Levels and vault maps discovered:
D:1:      evilmike_arrival_hilbert_curve, layout_basic, basic_ecumenical_altar,
          minmay_misc_feat_doors, st_stairs_3
D:2:      layout_rooms, basic_altar, uniq_crazy_yiuf_cottage
D:3:      layout_basic, nicolae_gozag_zags_fifth_avenue,
          evilmike_ruin_ashenzari, gammafunk_ghost_necromancy,
          serial_corexii_hall, corexii_hall_statues_t, corexii_hall_statues_u,
          st_stairs_2
D:4:      layout_rooms, kiku_gazebo_pond_becter, tgw_fedhas
D:5:      minmay_opposing_rooms, layout_cave_pools,
          mainiacjoe_overflow_cross_hatched, nicolae_sif_muna_condensation,
          gammafunk_temple_overflow_elements
D:6:      layout_cave_pools, general_overflow_altar,
          mainiacjoe_overflow_six_doors_small, lemuel_coloured_pillars_altar,
          nicolae_hepliaklqana_monster_ancestors,
          minmay_temple_entry_gardened_gates, minmay_quadrilaterals
D:7:      layout_basic
D:8:      layout_cave_pods, grunt_dithmenos_shadows, dpeg_oklobed_lair
D:9:      layout_layer_cave, hiddenorc1_lemuel,
          gammafunk_ghost_wrathful_warriors
D:10:     layout_big_octagon, nicolae_twisting_strands, minivault_23,
          nicolae_specific_store
D:11:     layout_irregular_city, serial_column_ruins,
          column_ruins_temple_circle, column_ruins_corridor_corner,
          column_ruins_open_tiny_water, column_ruins_open_tiny,
          column_ruins_corridor_T, column_ruins_open_large,
          gauntlet_entry_generic, chequers_serial_rivers_micro_d,
          kennysheep_island_fort, uniq_lodul, uniq_psyche
D:12:     layout_basic, serial_shops, nicolae_diamond_shop, minmay_between,
          uniq_nergalle
D:13:     layout_roguey
D:14:     layout_roguey, david_vaults_4, lightli_elemental_guards
D:15:     grunt_enter_depths_giant_problem, layout_loops_ring,
          hangedman_decor_slide_cut, serial_shops, shop,
          chequers_serial_rivers_small_a, elyvilon_altar_3
Temple:   hellmonk_temple_divided_pantheon
Lair:1:   layout_loops_ring, serial_bayou_pond_d, chequers_serial_rivers_marsh,
          grunt_forest_large_clearings
Lair:2:   layout_cave_shapes, minmay_snake_entry_guardpost_medium,
          ebering_ghost_rock_garden, amcnicky_mini_pool_medium
Lair:3:   layout_chaotic_city, shoals_dummy_entry, ebering_ghost_rock_garden
Lair:4:   layout_loops_ring, minmay_slime_entry_pillars
Lair:5:   hangedman_lair_in_review, layout_concentric_octagons,
          guppyfry_lair_drakes, grunt_megastairs_4, lemuel_fruit_tree,
          serial_bayou_shore_b
Shoals:1: layout_shoals
Shoals:2: layout_shoals, serial_shops, nicolae_shop_trees, shop, shop_statue,
          shop_fountains
Shoals:3: layout_shoals, nicolae_shoals_secluded_bog
Shoals:4: shoals_end_hellmonk_lost_city
Snake:1:  layout_rooms
Snake:2:  layout_cave_shapes, serial_shops, shop
Snake:3:  nicolae_snakescales, layout_layer_cave, nicolae_snake_springs
Snake:4:  snake_pit_salamanders_mu, layout_grid_maze, uniq_vashnia
Slime:1:  layout_caves
Slime:2:  layout_caves
Slime:3:  layout_caves
Slime:4:  layout_caves
Slime:5
Orc:1:    layout_caves
Orc:2:    st_orc_open, layout_diamond_mine, maelrawn_ghost_gauntlet_escape
Vaults:1: hangedman_vaults_nodes, nicolae_vaults_puzzle_piece, v_alt_pattern_6,
          nicolae_vaults_network_periphery, v_misc_30,
          nicolae_vaults_little_squares_5, nicolae_vaults_network_square,
          v_misc_16, vaults_dpeg_ring, layout_vaults_omnibox
Vaults:2: st_star, nicolae_vaults_rhombus_5,
          hangedman_vaults_stretched_pinwheel, ontoclasm_vaults_eye,
          hangedman_vaults_capsules, hangedman_vaults_locks,
          vaults_standard_mumra_enter_the_diamond,
          minmay_crypt_entry_simple_round, serial_ice_g,
          nicolae_vaults_border_crossing, v_pattern_2, grunt_vaults_focal,
          nicolae_vaults_little_squares_4, vaults_room_stairs_pillars,
          vaults_room_hallway, layout_vaults_omnicross
Vaults:3: infiniplex_enter_wizlab_water, hangedman_vaults_cutoff,
          vaults_dpeg_encased_lava, hangedman_vaults_maws,
          nicolae_vaults_little_squares_6, layout_vaults_omnigrid, uniq_boris,
          uniq_nikola
Vaults:4: nicolae_vaults_ring_of_whatevers, nicolae_vaults_rhombus_6,
          hangedman_vaults_snaps, hangedman_vaults_stitches,
          ontoclasm_vaults_hangar, vaults_dpeg_hooks,
          ontoclasm_vaults_loading_screen, vaults_room_door_hall,
          ontoclasm_vaults_chip, vaults_dpeg_diagonal,
          nicolae_vaults_shelves_hall, v_alt_pattern_6,
          nicolae_vaults_three_branches, layout_vaults_big_room, enter_trove_6
Vaults:5

Notes
Turn   | Place    | Note
-------+----------+-------------------------------------------
     0 | D:1      | ytrimaz the Octopode Transmuter began the quest for the
                  | Orb.
     0 | D:1      | Reached XP level 1. HP: 13/13 MP: 3/3
     0 | D:1      | magus.rc [v1.9.6]
    44 | D:1      | Reached skill level 1 in Poison Magic
   116 | D:1      | HP: 3/13 [hobgoblin (2)]
   121 | D:1      | Reached XP level 2. HP: 8/18 MP: 5/5
   123 | D:1      | Reached skill level 2 in Poison Magic
   521 | D:1      | Found a faded altar of an unknown god.
   553 | D:1      | Learned a level 2 spell: Wereblood
   640 | D:1      | Reached skill level 3 in Poison Magic
   640 | D:1      | Reached XP level 3. HP: 20/23 MP: 4/6
   645 | D:1      | Learned a level 3 spell: Spider Form
  1143 | D:2      | Found a blossoming altar of Fedhas.
  1210 | D:2      | You pick up a book of Flames and begin reading...
  1210 | D:2      | You add the spells Inner Flame, Sticky Flame and Flame Wave
                  | to your library.
  1505 | D:2      | Found a runed translucent door.
  1506 | D:2      | Noticed Crazy Yiuf
  1587 | D:3      | Found Gozag's Platinum Reserve.
  1592 | D:3      | Found an opulent altar of Gozag.
  1604 | D:3      | Found a broken altar of Ashenzari.
  1627 | D:3      | You pick up a book of Geomancy and begin reading...
  1627 | D:3      | You add the spells Sandblast, Passwall and Stone Arrow to
                  | your library.
  1644 | D:3      | Became a worshipper of Ashenzari the Shackled
  1795 | D:3      | Reached skill level 4 in Poison Magic
  1795 | D:3      | Reached XP level 4. HP: 23/28 MP: 5/7
  1800 | D:3      | Reached skill level 1 in Ice Magic
  1856 | D:3      | Found a runed translucent gate.
  1857 | D:3      | Found a runed translucent gate.
  1858 | D:3      | Found a runed translucent gate.
  2255 | D:3      | Noticed Darkkill's ghost (amateur HuHu)
  2270 | D:4      | Noticed a scorpion
  2479 | D:4      | Reached skill level 2 in Ice Magic
  2485 | D:4      | Reached skill level 3 in Ice Magic
  2485 | D:4      | Reached XP level 5. HP: 13/33 MP: 3/8
  2487 | D:4      | HP: 8/33 [orc/+0 hand axe (5)]
  2747 | D:4      | Reached skill level 4 in Ice Magic
  2747 | D:4      | Reached XP level 6. HP: 37/38 MP: 7/9
  2751 | D:4      | Found an ancient bone altar of Kikubaaqudgha.
  3040 | D:4      | Reached skill level 3 in Transmutations
  3154 | D:4      | Found a blossoming altar of Fedhas.
  3180 | D:4      | Noticed an oklob plant
  3460 | D:5      | Entered Level 5 of the Dungeon
  3467 | D:5      | Reached skill level 3 in Spellcasting
  3550 | D:5      | Reached XP level 7. HP: 36/43 MP: 3/12
  3588 | D:5      | Reached skill level 4 in Transmutations
  3696 | D:5      | Found a shimmering altar of Xom.
  3725 | D:5      | Reached skill level 4 in Spellcasting
  3784 | D:5      | Upgraded the game from 0.30-a0-218-gedb9141078 to
                  | 0.30-a0-219-gf2db51d15e
  3784 | D:5      | magus.rc [v1.9.6]
  3787 | D:5      | Found a shimmering blue altar of Sif Muna.
  4056 | D:5      | Learned a level 4 spell: Ice Form
  4302 | D:5      | Found a snail-covered altar of Cheibriados.
  4302 | D:5      | Found a glowing golden altar of the Shining One.
  4472 | D:6      | Reached skill level 5 in Transmutations
  4477 | D:6      | Reached XP level 8. HP: 37/48 MP: 6/15
  4598 | D:6      | Reached skill level 5 in Spellcasting
  4839 | D:6      | Found a glowing silver altar of Zin.
  4925 | D:6      | Reached skill level 6 in Transmutations
  4979 | D:6      | Found a staircase to the Ecumenical Temple.
  5009 | Temple   | Entered the Ecumenical Temple
  5009 | Temple   | Found a transporter.
  5009 | Temple   | Found a transporter.
  5025 | Temple   | Found a transporter.
  5025 | Temple   | Found a transporter.
  5130 | D:6      | Reached skill level 6 in Spellcasting
  5404 | D:6      | Found a hazy altar of Hepliaklqana.
  5597 | D:6      | Found a stormy altar of Qazlal.
  5611 | D:6      | Found a sparkling altar of Nemelex Xobeh.
  6001 | D:7      | Reached skill level 7 in Transmutations
  6005 | D:7      | Reached XP level 9. HP: 48/53 MP: 9/18
  6105 | D:7      | Noticed a hornet
  6113 | D:7      | Killed a hornet
  6114 | D:7      | Reached skill level 7 in Spellcasting
  6868 | D:7      | Reached skill level 8 in Transmutations
  7102 | D:7      | Reached * piety under Ashenzari
  7184 | D:8      | You pick up a book of Scorching and begin reading...
  7184 | D:8      | You add the spells Scorch and Summon Cactus Giant to your
                  | library.
  7344 | D:8      | Reached skill level 8 in Spellcasting
  7353 | D:8      | Reached skill level 9 in Transmutations
  7357 | D:8      | Reached XP level 10. HP: 58/58 MP: 18/22
  7528 | D:8      | Found a staircase to the Lair.
  8046 | D:8      | Reached skill level 9 in Spellcasting
  8262 | D:8      | You pick up a book of Misfortune and begin reading...
  8262 | D:8      | You add the spells Yara's Violent Unravelling and Enfeeble
                  | to your library.
  8287 | D:8      | Found a shadowy altar of Dithmenos.
  8893 | D:9      | Found a transporter.
  8899 | D:9      | Noticed a moth of wrath
  8903 | D:9      | Found a bloodstained altar of Trog.
  8903 | D:9      | Noticed bjtr's ghost (novice GrFE)
  8918 | D:9      | Found a transporter.
  8985 | D:9      | Reached skill level 10 in Transmutations
  9257 | D:9      | Noticed a tengu warrior
  9275 | D:9      | Reached ** piety under Ashenzari
  9735 | D:9      | Reached skill level 4 in Unarmed Combat
 10021 | D:9      | Found a staircase to the Orcish Mines.
 10305 | D:10     | Entered Level 10 of the Dungeon
 10317 | D:10     | Found Weluq's General Store.
 10321 | D:10     | Found Hifuoq's Specific Store.
 10350 | D:10     | Reached skill level 10 in Spellcasting
 10408 | D:10     | Reached skill level 5 in Unarmed Combat
 10569 | D:10     | Noticed a two-headed ogre
 10587 | D:10     | Killed a two-headed ogre
 10588 | D:10     | Reached skill level 6 in Unarmed Combat
 10595 | D:10     | Reached XP level 11. HP: 16/63 MP: 8/25
 11194 | D:11     | Reached skill level 7 in Unarmed Combat
 11213 | D:11     | Found a gate leading to a gauntlet.
 11213 | D:11     | Identified 3 scrolls of acquirement
 11221 | Gauntlet | Entered a Gauntlet
 11221 | Gauntlet | Found a transporter.
 11230 | Gauntlet | Noticed a catoblepas
 11251 | Gauntlet | Found a transporter.
 11252 | Gauntlet | Found a transporter.
 11264 | Gauntlet | Found a transporter.
 11265 | Gauntlet | Found a transporter.
 11271 | Gauntlet | Noticed a fire crab
 11274 | Gauntlet | Found a transporter.
 11278 | Gauntlet | Found a transporter.
 11284 | Gauntlet | Found a runed translucent gate.
 11286 | Gauntlet | Found a runed translucent gate.
 11286 | Gauntlet | Found a transporter.
 11287 | Gauntlet | Noticed a green ugly thing
 11287 | Gauntlet | Noticed a great orb of eyes
 11288 | Gauntlet | Found a runed translucent gate.
 11290 | Gauntlet | Found a transporter.
 11292 | Gauntlet | Noticed a quicksilver ooze
 11298 | Gauntlet | Found a transporter.
 11329 | Gauntlet | Found a transporter.
 11341 | Gauntlet | Found a transporter.
 11354 | Gauntlet | Found a transporter.
 11367 | Gauntlet | Found a transporter.
 11448 | Gauntlet | Acquired a book of Transfigurations
 11451 | Gauntlet | You pick up a book of Transfigurations and begin reading...
 11451 | Gauntlet | You add the spells Irradiate, Blade Hands and Dragon Form
                  | to your library.
 11460 | Gauntlet | Learned a level 7 spell: Dragon Form
 11466 | Gauntlet | Learned a level 5 spell: Yara's Violent Unravelling
 11472 | Gauntlet | Learned a level 5 spell: Irradiate
 11472 | Gauntlet | Acquired 1060 gold pieces
 11533 | Gauntlet | Killed a catoblepas
 11588 | Gauntlet | Identified the +1 great sword "Xoaba" {vorpal, rCorr}
 11588 | Gauntlet | Noticed a minotaur
 11597 | Gauntlet | Killed a minotaur
 11598 | Gauntlet | Reached skill level 8 in Unarmed Combat
 11768 | D:11     | Identified the +0 chain mail "Focwax" {rC+}
 11874 | D:10     | Bought a ring of wizardry for 360 gold pieces
 11947 | D:11     | Noticed a cyclops
 11952 | D:11     | Killed a cyclops
 12007 | D:11     | Noticed a cyan ugly thing
 12014 | D:11     | Killed a cyan ugly thing
 12015 | D:11     | Reached skill level 11 in Transmutations
 12087 | D:11     | Found a faded altar of an unknown god.
 12109 | D:11     | Noticed Lodul
 12118 | D:11     | Killed Lodul
 12119 | D:11     | Reached skill level 9 in Unarmed Combat
 12341 | D:11     | Noticed an ettin
 12351 | D:11     | Noticed a manticore
 12359 | D:11     | Killed an ettin
 12361 | D:11     | Killed a manticore
 12362 | D:11     | Reached XP level 12. HP: 65/68 MP: 21/26
 12646 | D:11     | Noticed Psyche
 12651 | D:11     | Killed Psyche
 12652 | D:11     | Reached skill level 12 in Transmutations
 12872 | Lair:1   | Entered Level 1 of the Lair of Beasts
 12936 | Lair:1   | You pick up a book of Fire and begin reading...
 12936 | Lair:1   | You add the spells Foxfire, Fireball and Starburst to your
                  | library.
 12947 | Lair:1   | Reached skill level 10 in Unarmed Combat
 13228 | Lair:1   | You add the spells Tukima's Dance and Passage of Golubria
                  | to your library.
 13780 | D:9      | Killed a tengu warrior
 13789 | D:9      | Reached skill level 11 in Unarmed Combat
 13796 | D:9      | Killed bjtr's ghost
 13797 | D:9      | Reached skill level 13 in Transmutations
 14041 | D:12     | Noticed a boulder beetle
 14046 | D:12     | Killed a boulder beetle
 14273 | D:12     | Noticed Nergalle
 14279 | D:12     | Killed Nergalle
 14283 | D:12     | You pick up a book of Decay and begin reading...
 14283 | D:12     | You add the spells Cigotuvi's Dreadful Rot, Dispel Undead
                  | and Death Channel to your library.
 14571 | D:12     | Reached skill level 12 in Unarmed Combat
 14572 | D:12     | Reached XP level 13. HP: 72/72 MP: 27/27
 14619 | D:12     | Found Hifumaoc's Armour Boutique.
 14991 | D:13     | You pick up a book of Weapons and begin reading...
 15386 | D:13     | Reached skill level 13 in Unarmed Combat
 16126 | D:14     | Reached skill level 14 in Unarmed Combat
 16136 | D:14     | Found a gate to the Vaults.
 16320 | D:14     | Found a large runed translucent door.
 16320 | D:14     | Found a large runed translucent door.
 16409 | D:14     | Paralysed by an air elemental for 1 turns
 16411 | D:14     | HP: 26/108 [air elemental/stunning burst (10)]
 16917 | D:14     | Reached skill level 15 in Unarmed Combat
 17229 | D:15     | Entered Level 15 of the Dungeon
 17236 | D:15     | Found a staircase to the Depths.
 17236 | D:15     | Noticed a stone giant
 17246 | D:15     | Killed a stone giant
 17515 | D:15     | Reached XP level 14. HP: 80/80 MP: 27/28
 17517 | D:15     | Reached skill level 2 in Fighting
 17517 | D:15     | Reached skill level 3 in Dodging
 17522 | D:15     | Reached skill level 3 in Fighting
 17528 | D:15     | Reached skill level 4 in Dodging
 17725 | D:15     | Reached skill level 4 in Fighting
 17806 | D:15     | Found a white marble altar of Elyvilon.
 18015 | D:15     | Reached skill level 5 in Dodging
 18021 | D:15     | Reached skill level 5 in Fighting
 18147 | D:15     | Reached *** piety under Ashenzari
 18266 | D:15     | Reached skill level 6 in Dodging
 18317 | D:15     | Reached skill level 6 in Fighting
 18544 | D:15     | Found Geppapli's Jewellery Shop.
 18739 | D:8      | Acquired 1166 gold pieces
 18779 | Orc:1    | Entered Level 1 of the Orcish Mines
 19087 | Orc:1    | Reached **** piety under Ashenzari
 19229 | Orc:2    | Entered Level 2 of the Orcish Mines
 19328 | Orc:2    | Found a staircase to the Elven Halls.
 19441 | Orc:2    | Found a runed translucent gate.
 19441 | Orc:2    | Found a runed translucent gate.
 19441 | Orc:2    | Found a runed translucent gate.
 19470 | Orc:2    | Reached skill level 7 in Dodging
 19478 | Orc:2    | Reached skill level 7 in Fighting
 19495 | Orc:2    | Reached skill level 8 in Dodging
 19503 | Orc:2    | Reached skill level 8 in Fighting
 19509 | Orc:2    | Reached XP level 15. HP: 64/103 MP: 14/30
 19689 | Orc:2    | Found Comamisa's Weapon Emporium.
 19695 | Orc:2    | Found Fasuida's Antique Weapon Emporium.
 19698 | Orc:2    | Found Zotaitt's Weapon Shop.
 19709 | Orc:2    | Found Itoogroa's Distillery.
 19896 | Orc:2    | Noticed Tollund's ghost (journeyman FeSu)
 19987 | Orc:2    | Noticed an orc warlord
 20015 | Orc:2    | Killed an orc warlord
 20031 | Orc:2    | Reached skill level 9 in Dodging
 20329 | Orc:2    | Acquired the +2 hat of the Bear Spirit {Spirit, *Rage
                  | Will++}
 20329 | Orc:2    | Found the +2 hat of the Bear Spirit {Spirit, *Rage Will++}
 20521 | Orc:2    | Killed Tollund's ghost
 20522 | Orc:2    | Reached skill level 9 in Fighting
 20830 | Lair:2   | Found a staircase to the Snake Pit.
 20844 | Lair:2   | You pick up a book of the Earth and begin reading...
 20844 | Lair:2   | You add the spells Leda's Liquefaction, Lee's Rapid
                  | Deconstruction and Statue Form to your library.
 20856 | Lair:2   | Learned a level 6 spell: Statue Form
 21085 | Lair:2   | Reached skill level 10 in Dodging
 21096 | Lair:2   | Reached skill level 10 in Fighting
 21281 | Lair:2   | Found a runed translucent gate.
 21281 | Lair:2   | Found a runed translucent gate.
 21281 | Lair:2   | Found a runed translucent gate.
 21282 | Lair:2   | Noticed purpskrrrp's ghost (journeyman TrFi)
 21282 | Lair:2   | Identified the +1 scale mail "Isavea" {rPois Str-2 Slay+4}
 21420 | Lair:3   | You pick up a book of Callings and begin reading...
 21420 | Lair:3   | You add the spells Summon Small Mammal, Call Canine
                  | Familiar and Summon Guardian Golem to your library.
 21550 | Lair:3   | Found a runed translucent gate.
 21550 | Lair:3   | Found a runed translucent gate.
 21611 | Lair:3   | Found a staircase to the Shoals.
 21828 | Lair:3   | Found a runed translucent gate.
 21834 | Lair:3   | Noticed ryw's ghost (journeyman TrBe)
 22256 | Lair:4   | Found a staircase to the Slime Pits.
 22257 | Lair:4   | Found a viscous altar of Jiyva.
 22663 | Lair:4   | Reached skill level 11 in Dodging
 22962 | Lair:5   | Entered Level 5 of the Lair of Beasts
 22986 | Lair:5   | Reached skill level 11 in Fighting
 23018 | Lair:5   | Reached XP level 16. HP: 117/117 MP: 31/31
 23280 | Lair:5   | Reached ***** piety under Ashenzari
 23514 | Lair:5   | Reached skill level 12 in Dodging
 23554 | Lair:5   | Reached skill level 12 in Fighting
 24120 | Lair:5   | Reached skill level 13 in Dodging
 24284 | Snake:1  | Entered Level 1 of the Snake Pit
 24289 | Snake:1  | Reached skill level 13 in Fighting
 24493 | Snake:1  | Identified a +1 robe of the Archmagi
 25225 | Snake:2  | Reached XP level 17. HP: 129/129 MP: 33/33
 25227 | Snake:2  | Reached skill level 14 in Dodging
 25240 | Snake:2  | Reached skill level 14 in Fighting
 26211 | Snake:2  | Found Zuotsa Wecurr's Weapon Boutique.
 26498 | Snake:3  | Reached skill level 15 in Dodging
 26521 | Snake:3  | Reached skill level 15 in Fighting
 26912 | Snake:3  | Identified the +10 hand axe "Aubergine" {elec, rC+}
 27108 | Snake:3  | You pick up a book of the Sky and begin reading...
 27108 | Snake:3  | You add the spells Summon Lightning Spire, Storm Form and
                  | Maxwell's Capacitive Coupling to your library.
 27117 | Snake:3  | Learned a level 7 spell: Storm Form
 27930 | Snake:4  | Entered Level 4 of the Snake Pit
 27976 | Snake:4  | Reached skill level 16 in Fighting
 28100 | Snake:4  | HP: 42/175 [naga sharpshooter/arrow (12)]
 28112 | Snake:4  | Reached XP level 18. HP: 52/142 MP: 12/34
 28683 | Snake:4  | Noticed Vashnia
 28711 | Snake:4  | Reached skill level 17 in Fighting
 28714 | Snake:4  | Killed Vashnia
 29522 | Snake:4  | Reached skill level 1 in Stealth
 29528 | Snake:4  | Reached skill level 2 in Stealth
 29531 | Snake:4  | Reached skill level 3 in Stealth
 29540 | Snake:4  | Reached skill level 4 in Stealth
 29543 | Snake:4  | Reached skill level 5 in Stealth
 29552 | Snake:4  | Reached skill level 6 in Stealth
 29562 | Snake:4  | Got a serpentine rune of Zot
 29823 | Shoals:1 | Entered Level 1 of the Shoals
 29857 | Shoals:1 | Reached skill level 7 in Stealth
 29858 | Shoals:1 | HP: 25/145 [centaur warrior/arrow (20)]
 30243 | Shoals:1 | Reached skill level 8 in Stealth
 30358 | Shoals:1 | Reached skill level 9 in Stealth
 30467 | Shoals:1 | You pick up a book of Displacement and begin reading...
 30467 | Shoals:1 | You add the spells Lesser Beckoning, Gell's Gravitas and
                  | Teleport Other to your library.
 30683 | Shoals:1 | Reached skill level 10 in Stealth
 30961 | Shoals:2 | Reached skill level 11 in Stealth
 31212 | Shoals:2 | Found Juhairen's Jewellery Emporium.
 31221 | Shoals:2 | Bought the ring "Juhabep" {Wiz Slay+3} for 744 gold pieces
 31316 | Shoals:2 | Found Veibiahi's Distillery.
 31348 | Shoals:2 | Bought a potion of magic for 112 gold pieces
 31348 | Shoals:2 | Bought a potion of curing for 42 gold pieces
 31348 | Shoals:2 | Bought a potion of brilliance for 56 gold pieces
 31348 | Shoals:2 | Bought a potion of berserk rage for 70 gold pieces
 31348 | Shoals:2 | Bought a potion of magic for 112 gold pieces
 31377 | Shoals:2 | Reached skill level 12 in Stealth
 31459 | Shoals:2 | You pick up a book of the Tundra and begin reading...
 31459 | Shoals:2 | You add the spells Hailstorm and Simulacrum to your
                  | library.
 31691 | Shoals:2 | Found Laroerr's Book Emporium.
 31698 | Shoals:2 | Found Wiekek's Distillery.
 31729 | Shoals:2 | Bought a potion of might for 60 gold pieces
 31729 | Shoals:2 | Bought a potion of resistance for 150 gold pieces
 31729 | Shoals:2 | Bought a potion of haste for 150 gold pieces
 31913 | Shoals:3 | Reached XP level 19. HP: 152/152 MP: 35/35
 31945 | Shoals:3 | You pick up a book of Spatial Translocations and begin
                  | reading...
 31945 | Shoals:3 | You add the spells Blink and Momentum Strike to your
                  | library.
 32039 | Shoals:3 | Reached skill level 13 in Stealth
 32316 | Shoals:3 | Reached skill level 1 in Necromancy
 32368 | Shoals:3 | Reached skill level 2 in Necromancy
 32644 | Shoals:3 | Reached skill level 14 in Stealth
 32657 | Shoals:3 | Reached skill level 3 in Necromancy
 32951 | Shoals:4 | Entered Level 4 of the Shoals
 32981 | Shoals:4 | HP: 49/197 [harpy (8)]
 32984 | Shoals:4 | Reached skill level 4 in Necromancy
 32986 | Shoals:4 | HP: 43/197 [merfolk/+0 trident (8)]
 32997 | Shoals:4 | HP: 35/197 [merfolk/+0 trident (7)]
 33002 | Shoals:4 | HP: 37/197 [merfolk/+0 trident (1)]
 33131 | Shoals:4 | Reached skill level 5 in Necromancy
 33629 | Shoals:4 | Reached skill level 15 in Stealth
 33635 | Shoals:4 | HP: 48/197 [satyr/+0 spear (20)]
 33641 | Shoals:4 | HP: 41/197 [satyr/arrow (6)]
 33646 | Shoals:4 | HP: 29/197 [faun/+0 spear (7)]
 33655 | Shoals:4 | HP: 37/197 [satyr/arrow (13)]
 33661 | Shoals:4 | HP: 29/197 [satyr/arrow (14)]
 33662 | Shoals:4 | Reached skill level 16 in Stealth
 34270 | Shoals:4 | Reached skill level 17 in Stealth
 34382 | Shoals:4 | Got a barnacled rune of Zot
 34803 | Slime:1  | Entered Level 1 of the Pits of Slime
 34939 | Slime:1  | Gained mutation: You are weak. (Str -2) [a shining eye]
 34945 | Lair:4   | Reached skill level 1 in Air Magic
 35060 | Slime:1  | Reached skill level 2 in Air Magic
 35086 | Slime:1  | Reached skill level 3 in Air Magic
 35414 | Slime:1  | Reached XP level 20. HP: 158/158 MP: 36/36
 35603 | Slime:2  | Reached skill level 4 in Air Magic
 35828 | Slime:3  | Reached skill level 11 in Spellcasting
 35831 | Slime:3  | Reached skill level 5 in Air Magic
 36073 | Slime:4  | Reached skill level 6 in Air Magic
 36259 | Slime:5  | Entered Level 5 of the Pits of Slime
 36300 | Slime:5  | Noticed the Royal Jelly
 36440 | Slime:5  | Killed the Royal Jelly
 36451 | Slime:5  | Reached skill level 7 in Air Magic
 36773 | Slime:5  | Found the ring of the Mage {Wiz Archmagi}
 36776 | Slime:5  | Identified Ereshkigal's Cyclopedia of Attacks
 36779 | Slime:5  | Identified the +9 mace of Collusion {vorpal, rElec rC-
                  | rN+++ Int-5}
 36790 | Slime:5  | Reached skill level 12 in Spellcasting
 37249 | Slime:5  | Reached skill level 8 in Air Magic
 37494 | Slime:5  | Identified the +1 chain mail "Zuowyahe" {rPois Stlth+}
 37494 | Slime:5  | Identified the +7 short sword "Pendulum" {vorpal, rPois rC-
                  | Int+9 Stlth+}
 37495 | Slime:5  | Identified the +0 cloak "Buggym" {Str+3 Int-5 Dex+4}
 37514 | Slime:5  | Identified the +9 gold dragon scales of Subjectivity {rPois
                  | rF+ rC+ Will- Str+2 Dex+6}
 37514 | Slime:5  | Identified the +8 arbalest "Gikhliga" {venom, rElec rF-
                  | Str+8 Int-3}
 37522 | Slime:5  | You add the spells Shock and Chain Lightning to your
                  | library.
 37538 | Slime:5  | Got a slimy rune of Zot
 37588 | Slime:5  | You pick up a book of Debilitation and begin reading...
 37588 | Slime:5  | You add the spells Slow, Vampiric Draining and Confusing
                  | Touch to your library.
 38475 | Vaults:1 | Entered Level 1 of the Vaults
 38529 | Vaults:1 | Reached skill level 9 in Air Magic
 38608 | Vaults:1 | Reached skill level 13 in Spellcasting
 38888 | Vaults:1 | Reached XP level 21. HP: 164/164 MP: 40/40
 39275 | Vaults:1 | Reached skill level 10 in Air Magic
 39983 | Vaults:2 | Reached skill level 11 in Air Magic
 39988 | Vaults:2 | Reached skill level 14 in Spellcasting
 40015 | Vaults:2 | Paralysed by a great orb of eyes for 3 turns
 40233 | Vaults:2 | You pick up a book of Rime and begin reading...
 40233 | Vaults:2 | You add the spells Frozen Ramparts and Summon Ice Beast to
                  | your library.
 40458 | Vaults:2 | You pick up a book of Sloth and begin reading...
 40458 | Vaults:2 | You add the spells Petrify and Metabolic Englaciation to
                  | your library.
 40641 | Vaults:2 | Found a staircase to the Crypt.
 41001 | Vaults:2 | Reached skill level 12 in Air Magic
 41172 | Vaults:2 | Lost mutation: You are weak. (Str -2) [potion of mutation]
 41172 | Vaults:2 | Gained mutation: You are clumsy. (Dex -2) [potion of
                  | mutation]
 41172 | Vaults:2 | Gained mutation: Your spells are a little harder to cast,
                  | but a little more powerful. [potion of mutation]
 41543 | Vaults:3 | Found a magical portal.
 41555 | WizLab   | Entered Alistair's Party Mansion
 41641 | WizLab   | Reached skill level 15 in Spellcasting
 41718 | WizLab   | Noticed a golden dragon
 41718 | WizLab   | Noticed a golden dragon
 41720 | WizLab   | HP: 49/213 [moth of wrath[a demonspawn corrupter] (10)]
 42111 | WizLab   | Reached XP level 22. HP: 171/171 MP: 43/43
 42153 | WizLab   | Reached skill level 13 in Air Magic
 42175 | WizLab   | Noticed a golden dragon
 42188 | WizLab   | Noticed a golden dragon
 42414 | WizLab   | Identified Sif Muna's Discursus on the Figure
 42423 | WizLab   | You pick up a book of the Senses and begin reading...
 42423 | WizLab   | You add the spells Dazzling Flash, Agony and Silence to
                  | your library.
 42483 | WizLab   | You pick up a book of Dangerous Friends and begin
                  | reading...
 42483 | WizLab   | You add the spells Orb of Destruction and Spellforged
                  | Servitor to your library.
 42550 | WizLab   | You pick up a book of Air and begin reading...
 42550 | WizLab   | You add the spells Swiftness and Airstrike to your library.
 42552 | WizLab   | You pick up a book of Cantrips and begin reading...
 42552 | WizLab   | You add the spells Necrotise and Apportation to your
                  | library.
 42558 | WizLab   | Acquired 930 gold pieces
 42638 | WizLab   | Identified the ring "Aleusm" {EV+4 Int+3}
 42907 | Vaults:3 | You pick up a book of Iron and begin reading...
 43016 | Vaults:3 | Noticed Nikola
 43027 | Vaults:3 | Killed Nikola
 43826 | Vaults:4 | Learned a level 2 spell: Passwall
 43901 | Vaults:4 | Found a portal to a secret trove of treasure.
 43904 | Vaults:4 | This trove needs 6 scrolls of blinking to function. Give it
                  | the items?
 44161 | Vaults:4 | Reached skill level 16 in Spellcasting
 44161 | Vaults:4 | Reached skill level 14 in Air Magic
 44971 | Vaults:5 | Entered Level 5 of the Vaults
 44984 | Vaults:5 | Reached skill level 15 in Air Magic
 44985 | Vaults:5 | Paralysed by a floating eye for 3 turns
 44986 | Vaults:5 | Noticed a golden dragon
 45244 | Vaults:4 | Killed a golden dragon
 45346 | Vaults:5 | Identified the +0 robe "Muefi" {rF+ Stlth+}
 45351 | Vaults:5 | Reached skill level 17 in Spellcasting
 45356 | Vaults:5 | Reached XP level 23. HP: 175/176 MP: 46/46
 45369 | Vaults:5 | Noticed a golden dragon
 45378 | Vaults:5 | Killed a golden dragon
 45397 | Vaults:5 | HP: 44/176 [titan/the air (20)]
 45402 | Vaults:5 | Reached skill level 18 in Spellcasting
 45406 | Vaults:5 | HP: 26/264 [titan/the air (14)]
 45410 | Vaults:5 | Slain by a titan

Vanquished Creatures
  the Royal Jelly (Slime:5)
  Vashnia (Snake:4)
  2 golden dragons
  Nikola (Vaults:3)
  A tentacled monstrosity (Vaults:5)
  3 titans
  23 acid blobs
  2 krakens
  5 sphinxes
  3 tengu reavers
  3 shadow dragons (Vaults:5)
  2 storm dragons (Vaults:5)
  A frost giant (Vaults:5)
  14 azure jellies
  2 fire giants
  6 nagarajas
  12 rockslimes
  15 vault wardens
  An iron dragon (Vaults:5)
  4 orc warlords
  16 ironbound preservers
  5 stone giants
  2 war gargoyles
  4 demonspawn corrupters (WizLab)
  4 very ugly things
  4 quicksilver oozes
  8 ironbound thunderhulks
  14 dire elephants
  A deep elf annihilator (Vaults:5)
  5 minotaurs
  An eidolon (Vaults:2)
  5 ettins
  6 merfolk impalers
  A deep elf death mage (Vaults:5)
  3 entropy weavers
  2 merfolk javelineers
  6 great orbs of eyes
  A deep elf high priest (WizLab)
  29 vault guards
  5 hydras
  12 yaktaur captains
  4 ogre magi
  2 death knights
  20 anacondas
  5 merfolk avatars
  6 salamander tyrants
  The ghost of Tollund the Nimble, a journeyman FeSu of Gozag (Orc:2)
  8 ironbound frosthearts
  8 centaur warriors
  5 merfolk aquamancers
  22 death yaks
  3 catoblepae
  11 naga warriors
  2 boulder beetles
  16 two-headed ogres
  A tengu warrior (D:9)
  16 naga sharpshooters
  14 satyrs
  13 shock serpents
  2 deep troll earth magi
  Nergalle (D:12)
  A hell knight (WizLab)
  A spriggan (Lair:1)
  A skeletal warrior (Vaults:2)
  9 salamander mystics
  The ghost of bjtr the Thaumaturge, a novice GrFE of Vehumet (D:9)
  Lodul (D:11)
  An iron troll (Orc:2)
  A death drake (shapeshifter) (Vaults:2)
  A glowing orange brain (Slime:5)
  11 sea snakes
  5 bog bodies (Shoals:3)
  34 deep trolls
  15 wizards
  16 ironbound convokers
  7 orc knights
  5 naga ritualists
  A phantasmal warrior (Vaults:4)
  27 harpies
  14 lindwurms
  5 deep elf pyromancers
  2 deep elf zephyrmancers (WizLab)
  A necromancer (Vaults:2)
  11 mana vipers
  3 shining eyes
  A mana viper (shapeshifter) (D:13)
  2 orc sorcerers
  18 fauns
  24 ugly things
  2 worldbinders (WizLab)
  2 wolf spiders (Lair:5)
  14 cyclopes
  A moth of wrath (D:9)
  22 salamanders
  16 elephants
  An elephant (shapeshifter) (D:14)
  A black mamba (shapeshifter) (Vaults:5)
  16 manticores
  8 guardian serpents
  18 vault sentinels
  41 black mambas
  8 merfolk sirens
  6 water nymphs
  A cane toad (shapeshifter) (D:14)
  7 cane toads
  12 naga magi
  A torpor snail (Lair:5)
  3 gargoyles
  An eye of devastation (Slime:5)
  A komodo dragon (shapeshifter) (Vaults:4)
  Psyche (D:11)
  4 kobold demonologists
  6 rime drakes
  11 komodo dragons
  4 freezing wraiths
  32 yaktaurs
  26 merfolk
  A polar bear (Lair:3)
  6 meliai (D:14)
  A queen bee (Gauntlet)
  15 trolls
  6 wind drakes
  22 blink frogs
  3 hornets
  115 slime creatures
  5 dream sheep
  8 snapping turtles
  An air elemental (D:14)
  3 shadows
  8 wyverns
  2 wraiths
  15 water elementals
  56 yaks
  2 vampires
  A fire elemental (D:14)
  5 basilisks
  6 vampire mosquitoes
  3 steam dragons
  2 wargs (D:13)
  30 nagas
  4 acid dragons
  4 water moccasins
  2 black bears (D:6)
  17 orc warriors
  25 ogres
  29 wolves
  A boggart (WizLab)
  7 centaurs
  2 phantoms
  3 kobold brigands
  4 scorpions
  10 bullfrogs
  A gnoll sergeant (D:12)
  An earth elemental (D:14)
  A necrophage (D:8)
  5 wights
  7 killer bees
  2 electric eels (D:11)
  5 howler monkeys
  5 hounds
  8 jellies
  19 orc priests
  3 iguanas
  25 orc wizards
  8 gnolls
  10 adders
  A shadow imp (D:7)
  2 white imps
  3 ufetubi
  2 worms
  2 dart slugs
  77 orcs
  6 endoplasms
  3 giant cockroaches
  5 goblins
  11 hobgoblins
  2 jackals (D:2)
  15 kobolds
  6 quokkas
  5 ball pythons
  3 bats
  A frilled lizard (D:1)
  A rat (D:1)
  A spectral hobgoblin (D:6)
  A tentacle (Shoals:2)
1552 creatures vanquished.

Vanquished Creatures (collateral kills)
  An acid blob (Slime:5)
  A rockslime (Slime:5)
  A great orb of eyes (Slime:5)
  2 slime creatures (Slime:5)
  2 wights (D:9)
7 creatures vanquished.

Vanquished Creatures (others)
  2 nagas (Snake:2)
  An orc (D:11)
  46 fungi
  77 plants
  7 tentacles
  10 toadstools (D:4)
143 creatures vanquished.

Grand Total: 1702 creatures vanquished

Table legend:
 A = Non-vault XP
 B = Vault XP
 C = Vault XP percentage of total XP
 D = Non-vault monster count
 E = Vault monster count
 F = Vault count percentage of total count
                 A         B        C        D         E       F
            +---------+---------+-------+---------+---------+-------
      Total |  407095 |  341475 |  45.6 |    1011 |     530 |  34.4
            +---------+---------+-------+---------+---------+-------
        D:1 |      37 |       4 |   9.8 |      20 |       2 |   9.1
        D:2 |      20 |       0 |   0.0 |       8 |       0 |   0.0
        D:3 |       8 |      18 |  69.2 |       4 |       2 |  33.3
        D:4 |     415 |       0 |   0.0 |      31 |       0 |   0.0
        D:5 |     298 |     276 |  48.1 |      10 |      10 |  50.0
        D:6 |     825 |     365 |  30.7 |      20 |       8 |  28.6
        D:7 |    1137 |       0 |   0.0 |      20 |       0 |   0.0
        D:8 |    2332 |     103 |   4.2 |      23 |       1 |   4.2
        D:9 |    2118 |    2716 |  56.2 |      24 |      22 |  47.8
       D:10 |    1494 |       0 |   0.0 |      11 |       0 |   0.0
       D:11 |    3184 |    3355 |  51.3 |      17 |      11 |  39.3
       D:12 |    4797 |    1060 |  18.1 |      20 |       2 |   9.1
       D:13 |    8291 |       0 |   0.0 |      27 |       0 |   0.0
       D:14 |    7624 |    2370 |  23.7 |      24 |       7 |  22.6
       D:15 |   19855 |    1128 |   5.4 |      33 |       1 |   2.9
     Lair:1 |     949 |    3599 |  79.1 |       5 |      25 |  83.3
     Lair:2 |   11667 |    1362 |  10.5 |      38 |       7 |  15.6
     Lair:3 |    7497 |       0 |   0.0 |      21 |       0 |   0.0
     Lair:4 |    8708 |     400 |   4.4 |      26 |       4 |  13.3
     Lair:5 |   30090 |   10208 |  25.3 |      62 |      24 |  27.9
   Shoals:1 |   20614 |       0 |   0.0 |      39 |       0 |   0.0
   Shoals:2 |   12047 |       0 |   0.0 |      24 |       0 |   0.0
   Shoals:3 |   14663 |    3353 |  18.6 |      30 |       5 |  14.3
   Shoals:4 |   18255 |   27677 |  60.3 |      39 |      40 |  50.6
    Snake:1 |   17871 |       0 |   0.0 |      34 |       0 |   0.0
    Snake:2 |   23988 |       0 |   0.0 |      47 |       0 |   0.0
    Snake:3 |   17532 |   16001 |  47.7 |      30 |      26 |  46.4
    Snake:4 |   13429 |   34375 |  71.9 |      26 |      48 |  64.9
    Slime:1 |   14891 |       0 |   0.0 |      36 |       0 |   0.0
    Slime:2 |    7865 |       0 |   0.0 |       6 |       0 |   0.0
    Slime:3 |   14717 |       0 |   0.0 |      31 |       0 |   0.0
    Slime:4 |   12492 |       0 |   0.0 |      19 |       0 |   0.0
    Slime:5 |   13426 |   22337 |  62.5 |      11 |      14 |  56.0
      Orc:1 |    3183 |       0 |   0.0 |      38 |       0 |   0.0
      Orc:2 |    3226 |   17990 |  84.8 |      32 |      41 |  56.2
   Vaults:1 |   18553 |   28862 |  60.9 |      27 |      38 |  58.5
   Vaults:2 |   29781 |   30172 |  50.3 |      42 |      41 |  49.4
   Vaults:3 |   12671 |    7627 |  37.6 |      25 |       8 |  24.2
   Vaults:4 |   24303 |   28636 |  54.1 |      29 |      36 |  55.4
   Vaults:5 |    2242 |   67491 |  96.8 |       2 |      65 |  97.0
     WizLab |       0 |   26819 | 100.0 |       0 |      33 | 100.0
   Gauntlet |       0 |    3171 | 100.0 |       0 |       9 | 100.0
            +---------+---------+-------+---------+---------+-------

Illustrated notes

Table legend:
 A = Kills in this place as a percentage of kills in entire the game.
 B = Kills by you in this place as a percentage of kills by you in the entire game.
 C = Kills by friends in this place as a percentage of kills by friends in the entire game.
 D = Other kills in this place as a percentage of other kills in the entire game.
 E = Experience gained in this place as a percentage of experience gained in the entire game.
 F = Experience gained in this place divided by the number of levels of this place that you have seen.
                   A       B       C       D       E      F
               +-------+-------+-------+-------+-------+----------------------
         Total | 100.0 | 100.0 | 100.0 | 100.0 | 100.0 | 17408.6
       Dungeon |  23.2 |  23.2 |  28.6 |   0.0 |   8.5 | 4255.3
          Lair |  13.8 |  13.8 |   0.0 |   0.0 |   9.9 | 14896.0
        Shoals |  11.5 |  11.5 |   0.0 |   0.0 |  12.9 | 24152.2
     Snake Pit |  13.7 |  13.7 |   0.0 | 100.0 |  16.5 | 30799.0
    Slime Pits |   7.6 |   7.3 |  71.4 |   0.0 |  11.5 | 17145.6
  Orcish Mines |   7.2 |   7.2 |   0.0 |   0.0 |   3.3 | 12199.5
        Vaults |  20.3 |  20.4 |   0.0 |   0.0 |  33.4 | 50067.6
        Wizlab |   2.1 |   2.2 |   0.0 |   0.0 |   3.6 | 26819.0
      Gauntlet |   0.6 |   0.6 |   0.0 |   0.0 |   0.4 | 3171.0
               +-------+-------+-------+-------+-------+----------------------

Table legend: (Time is in decaauts)
 A = Elapsed time spent in this place.
 B = Non-inter-level travel time spent in this place.
 C = Inter-level travel time spent in this place.
 D = Time resting spent in this place.
 E = Time spent auto-exploring this place.
 F = Levels seen in this place.
 G = Mean time per level.
                   A        B        C        D        E       F      G
               +--------+--------+--------+--------+--------+-----+--------+
         Total |  47751 |  45722 |   2029 |   3241 |  33726 |  43 | 1110.5 |
       Dungeon |  17468 |  16414 |   1054 |    224 |  13500 |  15 | 1164.5 |
        Temple |     47 |     34 |     13 |      0 |     20 |   1 |   47.0 |
          Lair |   5808 |   5365 |    443 |    410 |   4038 |   5 | 1161.6 |
        Shoals |   5976 |   5866 |    110 |    456 |   4070 |   4 | 1494.0 |
     Snake Pit |   6296 |   6161 |    135 |    254 |   4640 |   4 | 1574.0 |
    Slime Pits |   2978 |   2840 |    138 |    772 |   1540 |   5 |  595.6 |
  Orcish Mines |   1742 |   1707 |     35 |    165 |   1255 |   2 |  871.0 |
        Vaults |   5636 |   5537 |     99 |    323 |   4229 |   5 | 1127.2 |
        Wizlab |   1398 |   1398 |      0 |    623 |    263 |   1 | 1398.0 |
      Gauntlet |    397 |    397 |      0 |     13 |    169 |   1 |  397.0 |
               +--------+--------+--------+--------+--------+-----+--------+

Top non-repeatable levels by time:
 Snake:4: 2096 daAuts
     D:9: 1911 daAuts
 Snake:3: 1707 daAuts
Shoals:3: 1673 daAuts
Shoals:4: 1664 daAuts
     D:8: 1589 daAuts
  Lair:5: 1567 daAuts
Vaults:2: 1520 daAuts
Vaults:4: 1484 daAuts
    D:14: 1428 daAuts
     D:7: 1421 daAuts
 Snake:2: 1408 daAuts
  WizLab: 1398 daAuts
Vaults:1: 1394 daAuts
Shoals:1: 1387 daAuts
